 Dungeon Crawl Stone Soup version 0.30-b1-2-g02819fbbbe (webtiles) character file.

Game seed: 6174725681601480826

3204 dorian the Skirmisher (level 9, 0/74 HPs)
             Began as a Barachi Hunter on May 6, 2023.
             Was a Priest of Okawaru.
             Engulfed by a steam dragon's steam (11 damage)
             ... on level 6 of the Dungeon.
             The game lasted 00:17:38 (6548 turns).

dorian the Skirmisher (Barachi Hunter)              Turns: 6548, Time: 00:17:39

Health: 0/74       AC:  9    Str: 14    XL:     9   Next: 96%
Magic:  9/9        EV: 19    Int: 11    God:    Okawaru [***...]
Gold:   424        SH:  0    Dex: 17    Spells: 8/8 levels left

rFire   . . .        i - +2 spear (venom)
rCold   . . .        (no shield)
rNeg    . . .        p - +0 ring mail {rPois}
rPois   +            (no helmet)
rElec   .            n - +2 cloak
rCorr   .            (no gloves)
SInv    .            (no boots)
Will    .....        e - amulet of the acrobat
Stlth   +            h - +5 ring of evasion
HPRegen 0.32/turn    (no ring)
MPRegen 0.11/turn

%: acrobat
@: slow
A: amphibious, slowness 1, strong legs 1, +LOS
a: Hop, Renounce Religion, Heroism


You were on level 6 of the Dungeon.
You worshipped Okawaru.
Okawaru was most pleased with you.
You visited 2 branches of the dungeon, and saw 8 of its levels.
You also visited: Ossuary.

You collected 424 gold pieces.

Inventory:

Hand Weapons
 a - a +0 shortbow
 i - a +2 spear of venom (weapon)
 r - a +4 heavy flail
Armour
 c - a +0 leather armour
 n - a +2 cloak (worn)
 p - a +0 ring mail of poison resistance (worn)
 s - a +3 leather armour
Magical Staves
 v - a staff of poison
Jewellery
 e - an amulet of the acrobat (around neck)
 h - a +5 ring of evasion (left hand)
 y - an amulet of regeneration
Wands
 A - a wand of flame (18)
Scrolls
 b - 5 scrolls of immolation
 k - a scroll of amnesia
 m - 3 scrolls of vulnerability
 o - 2 scrolls of silence
 t - a scroll of noise
 B - a scroll of identify
Potions
 d - 4 potions of curing
 f - 3 potions of lignification
 g - 2 potions of brilliance
 j - 2 potions of flight
 l - a potion of ambrosia
 u - a potion of might
 w - 2 potions of magic
 x - 3 potions of haste
 z - a potion of degeneration {unknown}


   Skills:
 + Level 8.0 Fighting
 * Level 9.9 Ranged Weapons
 + Level 5.6 Armour
 + Level 7.3 Dodging
 - Level 0.8 Stealth


You had 8 spell levels left.
You didn't know any spells.
Your spell library contained the following spells:

 Spells                   Type           Power      Damage    Failure   Level
 Beastly Appendage        Tmut           0%         N/A       56%         1
 Freeze                   Ice            0%         1d3       56%         1
 Wereblood                Tmut           0%         N/A       71%         2
 Frozen Ramparts          Ice            0%         1d1       90%         3
 Hailstorm                Conj/Ice       0%         3d3       90%         3
 Spider Form              Tmut/Pois      0%         N/A       90%         3
 Ice Form                 Ice/Tmut       0%         N/A       100%        4
 Summon Small Mammal      Summ           Unusable   N/A       N/A         1
 Call Canine Familiar     Summ           Unusable   N/A       N/A         3
 Summon Guardian Golem    Hex/Summ       Unusable   N/A       N/A         3
 Summon Ice Beast         Ice/Summ       Unusable   N/A       N/A         4

Dungeon Overview and Level Annotations

Branches:
Dungeon (7/15)             Temple (1/1) D:4         Ossuary (visited)

Altars:
Okawaru
Sif Muna
Uskayaw
Xom
Zin

Shops:
D:1 :

Annotations:
D:7 Maggie


Innate Abilities, Weirdness & Mutations

You are amphibious.
You cover ground slowly.
You can hop short distances.
You have an extended range of vision and can be seen from far away.


Message History

The steam dragon barely misses you.
The steam dragon claws you but does no damage.
You shoot an arrow.
The arrow hits the steam dragon but does no damage.
The steam dragon is lightly wounded.
You are engulfed in a cloud of scalding steam.
The steam dragon closely misses you. The steam dragon misses you.
You shoot an arrow. The arrow hits the steam dragon!
The steam dragon is moderately wounded.
You are engulfed in a cloud of scalding steam.
The steam dragon closely misses you.
The steam dragon claws you but does no damage.
You shoot an arrow.
The arrow hits the steam dragon but does no damage.
The steam dragon is moderately wounded.
You are engulfed in a cloud of scalding steam.
The steam dragon closely misses you. The steam dragon misses you.
You shoot an arrow.
The arrow barely misses the steam dragon.
You are engulfed in a cloud of scalding steam.
The steam dragon misses you. x2
You are too injured to fight recklessly!
Your +2 spear of venom begins to drip with poison!
i - a +2 spear of venom (weapon)
The steam dragon breathes steam at you. The ball of steam hits you!!
* * * LOW HITPOINT WARNING * * *
The steam dragon completely misses you. x2
You feel better. The steam dragon breathes steam at you.
The ball of steam hits you!
* * * LOW HITPOINT WARNING * * *
You feel better. The steam dragon breathes steam at you.
The ball of steam hits you.
* * * LOW HITPOINT WARNING * * *
You hit the steam dragon.
The steam dragon is poisoned.
The steam dragon is moderately wounded.
You are engulfed in a cloud of scalding steam.
You die...

#.######.### #.#....#.#
###### #.#.#.##)# #....#
#.#.#.##)#
#.##.##########.#.#.##)#
#.#...........#.#.#†##)#
#.#....#......§§....##.#
##.#....#...#.##§#.####.#
........#.##...§@#....#.#
##.#..........#.D####.#.#
..........(.....># #.#.#
.#.#....#.#...#..####.#.#
)#.#....#.#.####......#.#
..........#...........#.#
.####...########.####.#.###
..........................#
.####..#########.####.#####


You could see a steam dragon (very poisoned, catching breath).

Vanquished Creatures
  Pikel (D:6)
  Grinder (D:6)
  Menkaure (Ossuary)
  A water moccasin (D:5)
  2 black bears (D:6)
  An ogre (D:6)
  2 phantoms (D:4)
  2 lemures (D:6)
  A bullfrog (D:6)
  A scorpion (D:4)
  An elf skeleton (D:4)
  5 wights
  3 killer bees
  7 howler monkeys
  A jelly (D:6)
  9 hounds
  2 gnoll boudas
  2 orc priests
  An iguana (D:5)
  A sleepcap (D:6)
  A human skeleton (D:4)
  5 orc wizards
  3 mummies (Ossuary)
  Robin (D:2)
  12 gnolls
  9 adders
  A white imp (D:6)
  2 ufetubi
  2 worms (D:2)
  2 dart slugs
  22 orcs
  7 ball pythons
  4 endoplasms
  5 giant cockroaches
  10 goblins (D:2)
  13 hobgoblins
  3 jackals (D:2)
  6 kobolds
  5 quokkas
  3 bats
  7 frilled lizards
  7 gnoll skeletons (Ossuary)
  6 gnoll zombies (Ossuary)
  2 goblin skeletons (Ossuary)
  4 goblin zombies (Ossuary)
  7 hobgoblin skeletons (Ossuary)
  A hobgoblin zombie (Ossuary)
  5 kobold skeletons (Ossuary)
  4 kobold zombies (Ossuary)
  4 orc skeletons
  11 orc zombies
  7 rats
  2 rat skeletons (Ossuary)
  A rat zombie (Ossuary)
229 creatures vanquished.

Notes
Turn   | Place    | Note
-------+----------+-------------------------------------------
     0 | D:1      | dorian the Barachi Hunter began the quest for the Orb.
     0 | D:1      | Reached XP level 1. HP: 17/17 MP: 1/1
   156 | D:1      | Reached XP level 2. HP: 23/23 MP: 2/2
   334 | D:1      | Reached XP level 3. HP: 20/28 MP: 3/3
   781 | D:2      | Reached XP level 4. HP: 35/35 MP: 4/4
   908 | D:2      | Noticed Robin
   917 | D:2      | Killed Robin
   918 | D:2      | Reached skill level 5 in Ranged Weapons
  1281 | D:3      | Reached XP level 5. HP: 41/41 MP: 5/5
  1345 | D:3      | Found a hide-covered altar of Uskayaw.
  1611 | D:3      | Reached XP level 6. HP: 48/48 MP: 6/6
  2204 | D:4      | Reached skill level 6 in Ranged Weapons
  2256 | D:4      | Found a sand-covered staircase.
  2265 | Ossuary  | Entered an ossuary
  2799 | Ossuary  | Reached XP level 7. HP: 55/55 MP: 7/7
  2807 | Ossuary  | Noticed Menkaure
  2813 | Ossuary  | Killed Menkaure
  2814 | Ossuary  | Reached skill level 5 in Fighting
  3180 | D:4      | Reached skill level 7 in Ranged Weapons
  3327 | D:4      | Found a staircase to the Ecumenical Temple.
  3336 | Temple   | Entered the Ecumenical Temple
  3346 | Temple   | Became a worshipper of Warmaster Okawaru
  3378 | D:4      | Reached skill level 5 in Dodging
  3435 | D:4      | Reached skill level 1 in Armour
  3435 | D:4      | Reached XP level 8. HP: 46/64 MP: 8/8
  4121 | D:5      | Entered Level 5 of the Dungeon
  4307 | D:5      | Reached skill level 8 in Ranged Weapons
  4310 | D:5      | Reached * piety under Okawaru
  4710 | D:5      | Found a glowing silver altar of Zin.
  5038 | D:6      | Reached XP level 9. HP: 66/71 MP: 9/9
  5384 | D:6      | Noticed Grinder
  5389 | D:6      | Killed Grinder
  5390 | D:6      | Reached skill level 9 in Ranged Weapons
  5884 | D:6      | Noticed Pikel
  5912 | D:6      | Killed Pikel
  5912 | D:6      | Reached ** piety under Okawaru
  5913 | D:6      | Reached skill level 5 in Armour
  6042 | D:6      | Found a shimmering blue altar of Sif Muna.
  6235 | D:7      | Noticed Maggie
  6474 | D:6      | Reached *** piety under Okawaru
  6548 | D:6      | Engulfed by a steam dragon's steam

Illustrated notes

Levels and vault maps discovered:
D:1:      wander_arrival_desolate, layout_loops_ring, serial_shops, shop
D:2:      layout_basic, fountainhead, uniq_robin
D:3:      layout_basic, mainiacjoe_overflow_concentric_impassable,
          minmay_fountain_box
D:4:      layout_basic, minmay_temple_entry_junction,
          nicolae_ossuary_entry_catacombs, dk_noncrumbling_3,
          minmay_close_crescents
D:5:      minmay_chambers_of_fours, layout_basic, zin_treasury,
          hangedman_decor_clover_reticule
D:6:      layout_basic, kennysheep_mini, uniq_grinder, uniq_pikel, uniq_menkaure
D:7:      layout_rooms, mainiacjoe_overflow_small_starburst,
          nicolae_hepliaklqana_hippocampus, uniq_maggie
Temple:   dpeg_chambers_temple

Skill      XL: |  1  2  3  4  5  6  7  8  9 |
---------------+----------------------------+-----
Fighting       | 3 4 5 6 8 |  8.0
Dodging        | 3 4 5 6 7 |  7.3
Ranged Weapons | 5 6 7 8 9 |  9.9
Armour         | 1 3 5 |  5.6
Stealth        | |  0.8

Action                     |  1- 3 |  4- 6 |  7- 9 || total
---------------------------+-------+-------+-------++-------
  Melee: Spear             |       |    28 |   142 ||   170
         Punch             |       |       |     1 ||     1
   Fire: Shortbow          |    90 |   298 |   392 ||   780
Ability: Hop               |       |     1 |     1 ||     2
  Evoke: Wand              |       |       |    11 ||    11
    Use: Scroll            |       |     4 |    14 ||    18
         Potion            |       |       |     2 ||     2
   Stab: Sleeping          |       |       |     1 ||     1
 Armour: Leather armour    |     8 |    19 |     4 ||    31
         Ring mail         |       |       |    77 ||    77
  Dodge: Dodged            |    21 |    68 |   389 ||   478
